 Dungeon Crawl Stone Soup version 0.32-a0-871-ge202e49faa (webtiles) character file.

Game seed: 15562797286271388475

236 Griffin23 the Covered (level 5, -15/47 HPs)
             Began as a Minotaur Fighter on Mar 29, 2024.
             Demolished by an ogre
             ... wielding a +0 giant club
              (17 damage)
             ... on level 4 of the Dungeon.
             The game lasted 00:02:32 (2927 turns).

Griffin23 the Covered (Minotaur Fighter)            Turns: 2927, Time: 00:02:33

Health: -15/47     AC: 11    Str: 22    XL:     5   Next: 77%
Magic:  4/4        EV:  7    Int:  5    God:
Gold:   208        SH:  4    Dex: 10    Spells: 4/4 levels left

rFire   . . .        a - +0 long sword
rCold   . . .        c - +0 buckler
rNeg    . . .        q - +0 chain mail {rPois}
rPois   +            (helmet restricted)
rElec   .            (no cloak)
rCorr   .            o - +0 pair of gloves
SInv    .            (no boots)
Will    .....        (no amulet) Stlth
                     (no ring)
HPRegen 0.27/turn    (no ring)
MPRegen 0.09/turn

%: no passive effects
@: no status effects
A: horns 2, retaliatory headbutt
a: no special abilities


You were on level 4 of the Dungeon.
You visited 1 branch of the dungeon, and saw 4 of its levels.

You collected 208 gold pieces.

Inventory:

Hand Weapons
 a - a +0 long sword (weapon)
Armour
 b - a +0 scale mail
 c - a +0 buckler (worn)
 o - a +0 pair of gloves (worn)
 q - a +0 chain mail of poison resistance (worn)
Jewellery
 j - a ring of resist corrosion
Scrolls
 d - 3 scrolls of enchant weapon {unknown}
 e - a scroll of teleportation {unknown}
 f - 2 scrolls of identify {unknown}
 g - a scroll of acquirement {unknown}
 k - a scroll of blinking {unknown}
 m - a scroll of fog {unknown}
 n - a scroll of fear {unknown}
 r - a scroll of enchant armour {unknown}
 t - a scroll of butterflies {unknown}
Potions
 h - a potion of cancellation {unknown}
 i - a potion of heal wounds {unknown}
 l - a potion of enlightenment {unknown}
 p - a potion of curing {unknown}
 s - a potion of ambrosia {unknown}


   Skills:
 + Level 4.8 Fighting
 * Level 4.8 Long Blades
 + Level 4.9 Armour
 + Level 4.8 Shields


You had 4 spell levels left.
You didn't know any spells.
Your spell library contained the following spells:

 Spells                   Type           Power      Damage    Failure   Level
 Apportation              Tloc           0%         N/A       98%         1
 Necrotise                Necr           0%         1d4       98%         1
 Sting                    Conj/Alch      0%         1d3       98%         1
 Summon Small Mammal      Summ           0%         N/A       98%         1
 Jinxbite                 Hex            0%         N/A       99%         2
 Frozen Ramparts          Ice            0%         1d1       100%        3
 Ozocubu's Armour         Ice            0%         N/A       100%        3
 Metabolic Englaciation   Hex/Ice        0%         N/A       100%        5
 Yara's Violent Unravell  Hex/Alch       0%         3d3       100%        5
 Enfeeble                 Hex            0%         N/A       100%        7


Dungeon Overview and Level Annotations

Branches:
Dungeon (3/15)

Altars:
Hepliaklqana


Innate Abilities, Weirdness & Mutations

You have a pair of horns on your head.
You reflexively headbutt those who attack you in melee.


Message History

The bullfrog hits you but does no damage.
The bullfrog hits you.
You miss the bullfrog.
The bullfrog is severely wounded.
You block the bullfrog's attack.
You hit the bullfrog.
The bullfrog is severely wounded.
The bullfrog hits you but does no damage.
You block the bullfrog's attack.
You closely miss the bullfrog. Your headbutt misses the bullfrog.
The bullfrog is severely wounded.
The bullfrog barely misses you.
The bullfrog hits you but does no damage.
You barely miss the bullfrog. You headbutt the bullfrog.
You kill the bullfrog!
You slash the quokka!
You kill the quokka!
You barely miss the ogre. You headbutt the ogre.
The ogre is lightly wounded.
You block the ogre's attack.
You hit the ogre.
The ogre is lightly wounded.
The ogre hits you with a +0 giant club!!
Ouch! That really hurt!
* * * LOW HITPOINT WARNING * * *
You slash the ogre!
The ogre is heavily wounded.
A hound comes into view.
The hound moves out of view.
You slash the ogre! You headbutt the ogre.
The ogre is almost dead.
The ogre hits you with a +0 giant club!
* * * LOW HITPOINT WARNING * * *
You hit the ogre.
The ogre is almost dead.
The ogre completely misses you.
You barely miss the ogre. Your headbutt misses the ogre.
The ogre is almost dead.
The ogre hits you with a +0 giant club!
You die...

.# ..# ###########
# #..# #.........#
..
#..##.........#.#.
#..#.............
#..#####........
#...###........
###..O@........
##...########+## .
##..###
...##..########
#...........
#..#...F.....
#..##....r.... #.#
#......... ...
#......)..


You could see an ogre.

Vanquished Creatures
  An ice beast (D:3)
  A bullfrog (D:4)
  3 gnolls (D:2)
  An adder (D:2)
  2 orcs
  4 ball pythons
  3 endoplasms
  A giant cockroach (D:3)
  2 hobgoblins (D:2)
  6 jackals
  2 quokkas
  4 bats
  A frilled lizard (D:1)
  2 goblins
  2 kobolds
  3 rats
38 creatures vanquished.

Notes
Turn   | Place    | Note
-------+----------+-------------------------------------------
     0 | D:1      | Griffin23 the Minotaur Fighter began the quest for the Orb.
     0 | D:1      | Reached XP level 1. HP: 19/19 MP: 0/0
   898 | D:1      | Reached XP level 2. HP: 27/27 MP: 1/1
  1589 | D:2      | Reached XP level 3. HP: 25/33 MP: 2/2
  1591 | D:2      | HP: 1/33 [gnoll/+0 flail (6)]
  1992 | D:2      | Reached XP level 4. HP: 40/40 MP: 3/3
  2264 | D:3      | Found a hazy altar of Hepliaklqana.
  2553 | D:3      | Noticed an ice beast
  2561 | D:3      | Killed an ice beast
  2562 | D:3      | Reached XP level 5. HP: 19/47 MP: 4/4
  2887 | D:3      | You fall into a shaft and drop 1 floor!
  2902 | D:4      | Noticed an ogre
  2925 | D:4      | HP: 1/47 [ogre/+0 giant club (12)]
  2927 | D:4      | Demolished by an ogre

Illustrated notes

Levels and vault maps discovered:
D:1:      dpeg_arrival_boxes_within_box, layout_basic, hangedman_decor_push,
          minmay_distorted
D:2:      layout_basic
D:3:      layout_loops_corners, mainiacjoe_overflow_boulevard,
          chequers_serial_rivers_marsh, dk_noncrumbling_4
D:4:      layout_basic, old_standard_altar, tso_metal_star, uniq_grinder

Skill      XL: |  1  2  3  4 |
---------------+-------------+-----
Armour         | 4 |  4.9
Shields        | 4 |  4.8
Fighting       | 4 |  4.8
Long Blades    | 3 4 |  4.8

Action                     |  1- 3 |  4- 6 || total
---------------------------+-------+-------++-------
  Melee: Long sword        |    77 |    32 ||   109
         Headbutt          |     7 |     9 ||    16
    Use: Potion            |     1 |       ||     1
 Armour: Scale mail        |    78 |       ||    78
         Chain mail        |       |    16 ||    16
  Dodge: Dodged            |    32 |    11 ||    43
  Block: Buckler           |    20 |     5 ||    25

Table legend: (Time is in decaauts)
 A = Elapsed time spent in this place.
 B = Non-inter-level travel time spent in this place.
 C = Inter-level travel time spent in this place.
 D = Time resting spent in this place.
 E = Time spent auto-exploring this place.
 F = Levels seen in this place.
 G = Mean time per level.
                   A        B        C        D        E       F      G
               +--------+--------+--------+--------+--------+-----+--------+
         Total |   2960 |   2830 |    130 |    122 |   2239 |   4 |  740.0 |
       Dungeon |   2960 |   2830 |    130 |    122 |   2239 |   4 |  740.0 |
               +--------+--------+--------+--------+--------+-----+--------+

Top non-repeatable levels by time:
     D:1: 1239 daAuts
     D:2: 971 daAuts
     D:3: 707 daAuts
     D:4: 43 daAuts
